 Dungeon Crawl Stone Soup version 0.28-a0-245-g639a1a48b9 (webtiles) character file.

Game seed: 1135268049490733903

66 robertstho the Chopper (level 3, -1/49 HPs)
             Began as a Draconian Berserker on Aug 24, 2021.
             Was a Believer of Trog.
             Slain by an orc (7 damage)
             ... on level 3 of the Dungeon.
             The game lasted 00:01:44 (1658 turns).

robertstho the Chopper (Draconian Berserker)        Turns: 1658, Time: 00:01:45

Health: -1/49      AC:  5    Str: 20    XL:     3   Next: 96%
Magic:  3/3        EV:  9    Int:  7    God:    Trog [**....]
Gold:   104        SH:  6    Dex: 10    Spells: 2/2 levels left

rFire   . . .      SeeInvis +   a - +0 hand axe
rCold   . . .      Faith    .   b - +0 kite shield
rNeg    . . .      Spirit   .   (armour unavailable)
rPois   .          Reflect  .   (helmet restricted)
rElec   .          Harm     .   d - scarf {repulsion}
rCorr   .          Rampage  .   (no gloves)
Will    .....                   (no boots)
Stlth   ..........              (no amulet)
HPRegen 0.16/turn               e - ring of see invisible
MPRegen 0.08/turn               (no ring)

@: berserking, repel missiles, very quick
A: AC +5, unfitting armour, cold-blooded
a: Renounce Religion, Berserk, Trog's Hand


You were on level 3 of the Dungeon.
You worshipped Trog.
Trog was pleased with you.
You visited 1 branch of the dungeon, and saw 3 of its levels.

You collected 104 gold pieces.

Inventory:

Hand Weapons
 a - a +0 hand axe (weapon)
Armour
 b - a +0 kite shield (worn)
 d - a scarf of repulsion (worn)
Jewellery
 e - a ring of see invisible (left hand)
Scrolls
 c - a scroll of identify
 h - 2 scrolls of enchant armour {unknown}
Potions
 f - 2 potions of degeneration {unknown}
 g - a potion of brilliance {unknown}
 i - a potion of attraction {unknown}
 j - a potion of flight {unknown}


   Skills:
 + Level 3.9 Fighting
 + Level 4.0 Axes
 + Level 3.2 Dodging


You had 2 spell levels left.
You didn't know any spells.
Your spell library was empty.

Dungeon Overview and Level Annotations

Branches:
Dungeon (3/15)

Altars:
Gozag
Okawaru
Yredelemnul


Innate Abilities, Weirdness & Mutations

Your plain brown scales are hard. (AC +5)
You cannot fit into any form of body armour.
You are cold-blooded and may be slowed by cold attacks.


Message History

You kill the orc!
Trog accepts your kill.
The orc priest invokes the aid of Beogh against you.
You barely resist.
An orc comes into view. It is wielding a +2 trident of venom.
Things that are here:
a +0 hand axe; an orc corpse You hit the orc priest but do no damage.
Your tail-slap misses the orc priest.
The orc priest hits you with a +0 war axe!
The orc priest mumbles some strange prayers to Beogh against you.
Pain shoots through your body!
You hit the orc priest. You tail-slap the orc priest.
The orc priest is moderately wounded.
An orc comes into view. It is wielding a +0 short sword.
The orc priest closely misses you.
The orc shouts!
You hit the orc priest.
The orc priest is heavily wounded.
The orc priest closely misses you.
You hit the orc priest.
The orc priest is almost dead.
The orc priest misses you.
The orc priest hits you with a +0 war axe!
You are too injured to fight recklessly!
You are too injured to fight recklessly!
You are too injured to fight recklessly!
Unknown command.
A red film seems to cover your vision as you go berserk!
You feel yourself moving faster!
You feel mighty! The orc closely misses you.
The orc priest calls down the wrath of Beogh upon you.
Beogh smites you!
* * * LOW HITPOINT WARNING * * *
The orc hits you but does no damage.
You slash the orc priest!
You kill the orc priest!
Trog accepts your kill.
You barely miss the orc.
The orc hits you from afar with a +2 trident of venom!
You die...

#..##+#. #......#.
#....?..# #.
.......#.#.#:
#...(...#.#.#.
#..o...#.#.#.#.
#)o.....#.#.#.#..+
#######@)..#.#.#.#.#.#.#
..(.....###.#.#.#.#.#.##
...........#.#.#.#.#.#.#
###########.#.#.#.#.#.#.
##.#<#.#.#.#.#
#.#.#.#.#.#.#.
##.#.#.#.#.#.#
#.#.#.#.#.#.#.
##############


You could see 2 orcs.

Vanquished Creatures
  An orc priest (D:3)
  A gnoll (D:1)
  2 adders (D:2)
  A worm (D:2)
  A dart slug (D:1)
  2 orcs (D:3)
  4 bats
  3 endoplasms
  A giant cockroach (D:1)
  5 goblins
  2 hobgoblins (D:1)
  2 quokkas
  A ball python (D:1)
  A frilled lizard (D:3)
  2 kobolds
  4 rats
33 creatures vanquished.

Notes
Turn   | Place    | Note
-------+----------+-------------------------------------------
     0 | D:1      | robertstho the Draconian Berserker began the quest for the
                  | Orb.
     0 | D:1      | Reached XP level 1. HP: 19/19 MP: 1/1
    55 | D:1      | Reached XP level 2. HP: 23/26 MP: 2/2
   444 | D:1      | Reached XP level 3. HP: 30/33 MP: 3/3
   656 | D:2      | Reached ** piety under Trog
   985 | D:2      | Found an iron altar of Okawaru.
  1291 | D:2      | Reached skill level 4 in Axes
  1546 | D:3      | Found a basalt altar of Yredelemnul.
  1585 | D:3      | Found an opulent altar of Gozag.
  1658 | D:3      | Slain by an orc

Illustrated notes

Levels and vault maps discovered:
D:1:      minmay_arrival_four_houses, layout_rooms
D:2:      layout_basic, basic_altar, serial_bayou_pond_d
D:3:      layout_basic, lemuel_tele_altar, yredelemnul_altar_generic,
          grunt_gozag_statues, shapermc_ecumenical_altar_venn,
          dk_noncrumbling_4, uniq_grinder

Skill      XL: |  1  2  3 |
---------------+----------+-----
Dodging        | 3 |  3.2
Axes           | 4 |  4.0
Fighting       | |  3.9

Action                   || total
-------------------------++-------
Melee: Hand axe          ||   100
       Tailslap          ||    12
Invok: Berserk           ||     3
  Use: Scroll            ||     2
Armor: Skin              ||    35
Dodge: Dodged            ||    66
Block: Kite shield       ||    10

Table legend: (Time is in decaauts)
 A = Elapsed time spent in this place.
 B = Non-inter-level travel time spent in this place.
 C = Inter-level travel time spent in this place.
 D = Time resting spent in this place.
 E = Time spent auto-exploring this place.
 F = Levels seen in this place.
 G = Mean time per level.
                   A        B        C        D        E       F      G
               +--------+--------+--------+--------+--------+-----+--------+
         Total |   1714 |   1655 |     59 |      0 |   1348 |   3 |  571.3 |
       Dungeon |   1714 |   1655 |     59 |      0 |   1348 |   3 |  571.3 |
               +--------+--------+--------+--------+--------+-----+--------+

Top non-repeatable levels by time:
     D:2: 995 daAuts
     D:1: 595 daAuts
     D:3: 124 daAuts
